cohdb
Replays
Latest Replays
All Replays
Popular Replays
Top Player Replays
Match Explorer
How It Works
Community
CoH3 Stats
Reddit
Sign in to upload your games and track your stats! →
Sign in with Steam
Match 43263184
Unlisted
Match 43263184
Overview
Messages
Build Orders
End
Construct Weapon Support Center
Scout Squad
M1919 Machine Gun Team
Bazooka Squad
M1919 Machine Gun Team
M1919 Machine Gun Team
Scout Squad
Air Support Center
M3 Armored Personnel Carrier
Grasshopper Recon Run
Engineer Squad
Grasshopper Recon Run
.30 cal Machine Gun
M1919 Machine Gun Team
P-47 Dive Bomb
Construct Medical Station
Grasshopper Recon Run
M3 Armored Personnel Carrier
Engineer Squad
Construct Tank Depot
Grasshopper Recon Run
.30 cal Machine Gun
.30 cal Machine Gun
M4(105) Sherman Bulldozer
Grasshopper Recon Run
Selects Heavy Weapons
Selects Assault Carriers
Selects Exchangeable Parts
Grasshopper Recon Run
.30 cal Machine Gun
M1919 Machine Gun Team
Grasshopper Recon Run
M18 Hellcat Tank Destroyer
P-47 Strafing Run
.30 cal Machine Gun
Grasshopper Recon Run
Engineer Squad
Selects M26 Pershing Heavy Tank
M26 Pershing Heavy Tank
.30 cal Machine Gun
Selects M2HB .50cal Heavy Machine Gun
Selects Gallant Stand
Engineer Squad
Engineer Squad
Grasshopper Recon Run
M18 Hellcat Tank Destroyer
Grasshopper Recon Run
Air Supremacy
Selects Black Dragon Artillery Barrage
The Window
Thomas Shelby
.
Guardian
水银灯
Victor #52
THE BEST
BES2
0
0
Comments
sign in to comment!
No comments posted yet!